 Dungeon Crawl Stone Soup version 0.28.0-45-g0d030f2227 (webtiles) character file.

Game seed: 3600723418899794765

2 cbfl8 the Sneak (level 1, -1/19 HPs)
             Began as a Minotaur Delver on Apr 16, 2022.
             Slain by a hound skeleton (3 damage)
             ... on level 5 of the Dungeon.
             The game lasted 00:01:20 (1251 turns).

cbfl8 the Sneak (Minotaur Delver)                   Turns: 1251, Time: 00:01:21

Health: -1/19      AC:  3    Str: 16    XL:     1   Next: 25%
Magic:  0/0        EV: 11    Int:  7    God:
Gold:   14         SH:  0    Dex: 11    Spells: 0/0 levels left

rFire   . . .      SeeInvis .   a - +0 hand axe
rCold   . . .      Faith    .   (no shield)
rNeg    . . .      Spirit   .   b - +0 leather armour
rPois   .          Reflect  .   (helmet restricted)
rElec   .          Harm     .   (no cloak)
rCorr   .          Rampage  .   (no gloves)
Will    .....                   (no boots)
Stlth   ++........              (no amulet)
HPRegen 0.06/turn               (no ring)
MPRegen 0.07/turn               (no ring)

@: hasted (expiring), very quick
A: horns 2, retaliatory headbutt
a: no special abilities


You were on level 5 of the Dungeon.
You visited 1 branch of the dungeon, and saw 1 of its levels.

You collected 14 gold pieces.

Inventory:

Hand Weapons
 a - a +0 hand axe (weapon)
Armour
 b - a +0 leather armour (worn)
Wands
 g - a wand of digging (3)
Scrolls
 c - a scroll of fog
Potions
 h - 2 potions of brilliance {unknown}


   Skills:
 + Level 3.6 Fighting
 + Level 2.4 Axes
 + Level 2.1 Dodging
 + Level 4.2 Stealth


You couldn't memorise any spells.
You didn't know any spells.
Your spell library was empty.

Dungeon Overview and Level Annotations

Branches:
Dungeon (5/15)
 Temple: D:4-7

Altars:


Innate Abilities, Weirdness & Mutations

You have a pair of horns on your head.
You reflexively headbutt those who attack you in melee.


Message History

You start waiting.
Done waiting.
You start waiting.
You hear a distant slurping noise.
Done waiting.
You start waiting.
Done waiting.
You start waiting.
Done waiting.
You start waiting.
You start waiting.
Done waiting.
You start waiting.
Done waiting.
You open the door.
There is an open door here.
The jelly quivers.
You feel yourself speed up. The jelly hits you.
You are splashed with acid!
Found a stone staircase leading down.
A hound skeleton comes into view.
Found a scroll labelled BEGUELONELO.
As you read the scroll of magic mapping, it crumbles to dust.
You feel aware of your surroundings. The jelly closely misses you.
You furiously retaliate!
You headbutt the jelly. The hound skeleton barely misses you.
You furiously retaliate!
You headbutt the hound skeleton. The hound skeleton bites you.
You open the door.
There is an open door here.
The hound skeleton bites you. The hound skeleton bites you.
* * * LOW HITPOINT WARNING * * *
As you read the scroll of fear, it crumbles to dust.
You assume a fearsome visage.
The hound skeleton is unaffected.
The jelly looks frightened!
The hound skeleton bites you.
* * * LOW HITPOINT WARNING * * *
Your extra speed is starting to run out.
The hound skeleton bites you.
You die...

*,,,,,##+##.#......#####.
*******,,,,,#............+,,,,,
*,,,,,,*,,,,#..?.........#,,,,,
*,,,,,,*+####......#######****,
*,,,,,,,,..........#,,,,**,,**,
*,,,,,,,,....###'###,,,,,,,,,*,
*,,,,,,,,...,#....#,,,,,,,,,,*,
*,,,,,,,,..,,+..J.#,,,,,******,
*,,,,,,,,.,,,#@...#*,,,,**,,**,
*,,,,,,******#.Z..#*,,,,**,,**,
***,,,,,,*,,,,,#....#*,,,,**,,**,
,,,,,*****,,,,,#.....#,,,,*,,,+,,
,,,,,+,,,,,,,,,#.....#,,,,*,,,*,,
,,,,,*,,**,,,,*#....##*,,,**,,**+
,,,,,*,,**,,,,*######**+****,,**,
,,,,,*,,,*,,,,*,,,,,,,,,,,,,,,+,,
,,,,,*,,,+,,,,*,,,,,,,,,,,,,,,*,,


You could see a jelly (fleeing) and a hound skeleton.

Vanquished Creatures
  An orc (D:5)
1 creature vanquished.

Notes
Turn   | Place    | Note
-------+----------+-------------------------------------------
     0 | D:5      | cbfl8 the Minotaur Delver began the quest for the Orb.
     0 | D:5      | Reached XP level 1. HP: 19/19 MP: 0/0
    87 | D:5      | Noticed a jelly
  1251 | D:5      | Slain by a hound skeleton

Illustrated notes

Levels and vault maps discovered:
D:5:      layout_gridville, st_stairs_8

Action                   || total
-------------------------++-------
Melee: Hand axe          ||     2
  Use: Scroll            ||     2
       Potion            ||     1
Dodge: Dodged            ||     2
